 Dungeon Crawl Stone Soup version 0.17.2-1-ge4368a0 (webtiles) character file.

7835 hexophile the Cleaver (level 11, 0/90 HPs)
             Began as a Formicid Fighter on May 24, 2019.
             Was a High Priest of Makhleb.
             Slain by a hill giant
             ... wielding a +0 giant club
              (3 damage)
             ... on level 10 of the Dungeon.
             The game lasted 00:15:56 (11764 turns).

hexophile the Cleaver (Formicid Fighter)           Turns: 11764, Time: 00:15:56

Health: 0/90       AC: 17    Str: 21    XL:     11   Next: 44%
Magic:  11/11      EV:  9    Int: 11    God:    Makhleb [*****.]
Gold:   762        SH: 11    Dex: 10    Spells: 0 memorised, 10 levels left

rFire  . . .     SeeInvis +     a - +0 war axe
rCold  . . .     Clarity  .     J - +0 plate armour
rNeg   . . .     SustAt   .     c - +0 shield
rPois  .         Gourm    .     (helmet unavailable)
rElec  .         Spirit   .     w - +1 cloak
rCorr  +         Warding  .     (no gloves)
rMut   .         Stasis   +     H - +0 pair of boots
MR     +....                    h - amulet of resist corrosion {rCorr}
Stlth  ..........               (no ring)
                                f - +3 ring of evasion

@: somewhat resistant to hostile enchantments, extremely unstealthy
A: permanent stasis, dig shafts and tunnels, four strong arms, antennae 3
a: Dig, Shaft Self, Minor Destruction, Lesser Servant of Makhleb, Major
Destruction, Greater Servant of Makhleb, Renounce Religion


You were on level 10 of the Dungeon.
You worshipped Makhleb.
Makhleb was extremely pleased with you.
You were not hungry.

You visited 2 branches of the dungeon, and saw 11 of its levels.
You also visited: Ossuary.

You collected 762 gold pieces.


Innate Abilities, Weirdness & Mutations

You are under a permanent stasis effect.
You can dig through walls and to a lower floor.
Your four strong arms can wield two-handed weapons with a shield.
You have a pair of large antennae on your head (SInv).

Inventory:

Hand Weapons
 a - a +0 war axe (weapon)
 d - a +3 hand axe
Armour
 c - a +0 shield (worn)
 w - a +1 cloak (worn)
 H - a +0 pair of boots (worn)
 J - a +0 plate armour (worn)
Jewellery
 f - a +3 ring of evasion (left hand)
 h - an amulet of resist corrosion (around neck) {rCorr}
 L - a +2 ring of intelligence
 N - an uncursed amulet of resist mutation {unknown}
Wands
 y - a wand of lightning (11)
 z - a wand of cold (0)
 C - a wand of fire (8)
 M - a wand of enslavement (10)
Scrolls
 e - a scroll of silence {unknown}
 j - a scroll of immolation {unknown}
 m - 2 scrolls of fog
 o - 4 scrolls of remove curse
 p - 2 scrolls of random uselessness {unknown}
 A - 2 scrolls of enchant armour
 E - a scroll of torment {unknown}
 F - 2 scrolls of magic mapping
 G - a scroll of recharging {unknown}
 O - a scroll of enchant weapon {unknown}
Potions
 g - a potion of curing
 i - 2 potions of poison {unknown}
 k - 2 potions of mutation {unknown}
 n - 3 potions of agility {Stlth+ Dex+5 EV+5}
 q - a potion of flight {unknown}
 s - 4 potions of brilliance {unknown}
 t - a potion of ambrosia {unknown}
 u - 2 potions of magic {unknown}
 v - 2 potions of cure mutation {unknown}
 B - a potion of heal wounds {unknown}
 D - a potion of degeneration {unknown}
Books
 l - a book of Spatial Translocations

   Spells                             Type                      Level
   a - Apportation                    Translocation                1
   b - Blink                          Translocation                2
   c - Shroud of Golubria             Charms/Translocation         2
   d - Portal Projectile              Translocation                3
   e - Teleport Other                 Translocation                3
   f - Passage of Golubria            Translocation                4
Comestibles
 b - 5 fruits
 r - 7 bread rations
 x - 5 meat rations
 K - a royal jelly


You had 10 spell levels left.
You didn't know any spells.


   Skills:
 * Level 9.9 Fighting
 * Level 11.7 Axes
 + Level 7.6 Armour
 + Level 8.5 Shields

Dungeon Overview and Level Annotations

Branches:
Dungeon (10/15)            Temple (1/1) D:4
   Lair: D:8-11         Orc: D:9-12

Altars:
Ashenzari
Dithmenos
Elyvilon
Fedhas
Gozag
Kikubaaqudgha
Makhleb
Nemelex Xobeh
Okawaru
Qazlal
Ru
Sif Muna
Trog
Vehumet
Xom
Yredelemnul
Zin
The Shining One

Annotations:
D:7 4 runed doors

Vault maps used:
D:1:      minmay_arrival_four_loops
D:2:      lemuel_coloured_pillars_altar, xom_butterflies, minmay_misc_feat_roman
D:3:      grunt_temple_overflow_holy_war
D:4:      minmay_temple_entry_purple_smoke, enter_ossuary_3, due_unseen_surprise
D:5:      nemelex_xobeh_ov_fountains_minmay, first_bread, xom_teletrap_fun,
          uniq_eustachio, uniq_edmund
D:7:      lemuel_bear_cage, basic_altar
D:8:      marbit_many_paths
D:9:      nicolae_overflow_crystal_walls, serial_curves, eino_curves_02,
          eino_curves_02, the_bakery, minmay_misc_feat_hallway, uniq_erica
D:10:     grunt_lair_entry_elf_guard_hut, nicolae_dithmenos_shadow_blocks
Temple:   triangle_lava_temple_12
Ossuary:  ossuary_minmay_scorpions
You       could see a hill giant.


Message History

The hill giant hits you with a giant club.
You lost 4 HP.
You have now: 59/90 HP.
You hit the hill giant but do no damage.
The hill giant is lightly wounded.
You hit the hill giant.
The hill giant is lightly wounded.
The hill giant completely misses you.
You hit the hill giant but do no damage.
The hill giant is lightly wounded.
You block the hill giant's attack.
You barely miss the hill giant.
The hill giant is lightly wounded.
The hill giant hits you with a giant club!
You lost 16 HP.
You have now: 44/90 HP.
You slash the hill giant!
The hill giant is lightly wounded.
You hit the hill giant.
The hill giant is moderately wounded.
You block the hill giant's attack.
You slash the hill giant!
The hill giant is moderately wounded.
The hill giant hits you with a giant club!
* * * LOW HITPOINT WARNING * * *
You lost 9 HP.
You have now: 36/90 HP.
Drink which item? (? for menu, Esc to quit)
You can't drink that!
You slash the hill giant!
The hill giant is heavily wounded.
You slash the hill giant!
The hill giant is severely wounded.
The hill giant hits you with a giant club!!
* * * LOW HITPOINT WARNING * * *
You lost 29 HP.
You have now: 7/90 HP.
Read which item? (? for menu, Esc to quit)
Okay, then.
Drink which item? (? for menu, Esc to quit)
You feel better.
The hill giant hits you but does no damage.
Restored 5 HP.
You have now: 12/90 HP.
Drink which item? (? for menu, Esc to quit)
You feel better.
The hill giant hits you with a giant club!!
* * * LOW HITPOINT WARNING * * *
You lost 10 HP.
You have now: 2/90 HP.
Your plate armour prevents you from hitting the hill giant.
The hill giant is severely wounded.
You hit the hill giant but do no damage.
The hill giant is severely wounded.
The hill giant hits you with a giant club.
You die...

Action                   |  1- 3 |  4- 6 |  7- 9 | 10-12 || total
-------------------------+-------+-------+-------+-------++-------
Melee: War axe           |   146 |    99 |   465 |   444 ||  1154
 Abil: Dig               |       |       |     1 |     1 ||     2
Evoke: Wand              |       |       |       |     6 ||     6
  Use: Scroll            |       |     6 |     9 |     3 ||    18
       Potion            |       |       |       |     7 ||     7
  Eat: Chunk             |     1 |     2 |    15 |    13 ||    31
       Meat ration       |       |     1 |       |       ||     1

Notes
Turn   | Place    | Note
--------------------------------------------------------------
     0 | D:1      | hexophile the Formicid Fighter began the quest for the Orb.
     0 | D:1      | Reached XP level 1. HP: 18/18 MP: 1/1
   139 | D:1      | Reached XP level 2. HP: 21/24 MP: 2/2
   293 | D:1      | Reached skill level 3 in Axes
   403 | D:1      | Reached XP level 3. HP: 26/29 MP: 3/3
  1272 | D:2      | Reached skill level 4 in Axes
  1272 | D:2      | Reached XP level 4. HP: 25/35 MP: 4/4
  1537 | D:2      | Found a shimmering altar of Xom.
  1688 | D:2      | You fall through a shaft for 2 floors!
  1800 | D:4      | Found a staircase to the Ecumenical Temple.
  1813 | Temple   | Entered the Ecumenical Temple
  1854 | Temple   | Became a worshipper of Makhleb the Destroyer
  1873 | D:4      | Found a sand-covered staircase.
  1885 | Ossuary  | Entered an ossuary
  1899 | Ossuary  | Reached XP level 5. HP: 41/41 MP: 5/5
  1906 | Ossuary  | Reached skill level 5 in Axes
  1956 | Ossuary  | Reached XP level 6. HP: 36/47 MP: 6/6
  1971 | Ossuary  | Reached skill level 6 in Axes
  2144 | Ossuary  | Reached skill level 7 in Axes
  2144 | Ossuary  | Reached XP level 7. HP: 18/52 MP: 7/7
  2910 | Ossuary  | Reached skill level 8 in Axes
  2918 | Ossuary  | Reached * piety under Makhleb
  3626 | D:4      | Reached XP level 8. HP: 56/58 MP: 8/8
  4285 | D:5      | Entered Level 5 of the Dungeon
  4660 | D:3      | Found a basalt altar of Yredelemnul.
  4684 | D:3      | Found a glowing golden altar of the Shining One.
  4984 | D:3      | Noticed an angel
  5000 | D:3      | Noticed a profane servitor
  5136 | D:2      | Found an ancient bone altar of Kikubaaqudgha.
  5608 | D:5      | Noticed Eustachio
  5659 | D:5      | Killed Eustachio
  5659 | D:5      | Reached skill level 4 in Fighting
  5659 | D:5      | Reached skill level 9 in Axes
  5659 | D:5      | Reached skill level 4 in Shields
  5763 | D:5      | Found a shimmering altar of Xom.
  5781 | D:5      | Reached ** piety under Makhleb
  5789 | D:5      | Noticed Edmund
  5809 | D:5      | Killed Edmund
  5897 | D:5      | Reached skill level 5 in Fighting
  5961 | D:5      | Found a sparkling altar of Nemelex Xobeh.
  6100 | D:5      | Reached skill level 4 in Armour
  6106 | D:5      | Reached XP level 9. HP: 62/68 MP: 9/9
  6721 | D:6      | Reached skill level 5 in Shields
  6951 | D:6      | Reached skill level 6 in Fighting
  7002 | D:6      | Reached *** piety under Makhleb
  7689 | D:7      | Found a sacrificial altar of Ru.
  7703 | D:7      | Found a huge runed gate.
  7703 | D:7      | Found a huge runed gate.
  7703 | D:7      | Found a huge runed gate.
  7703 | D:7      | Noticed a polar bear
  7703 | D:7      | Noticed a griffon
  7703 | D:7      | Noticed a polar bear
  7704 | D:7      | Noticed a griffon
  7704 | D:7      | Noticed a polar bear
  7704 | D:7      | Found a huge runed gate.
  7704 | D:7      | Noticed a polar bear
  7704 | D:7      | Noticed a polar bear
  7705 | D:7      | Noticed a polar bear
  7706 | D:7      | Noticed a griffon
  7749 | D:7      | Reached skill level 5 in Armour
  7793 | D:7      | Reached skill level 10 in Axes
  7802 | D:7      | Reached skill level 7 in Fighting
  7802 | D:7      | Reached skill level 6 in Shields
  7813 | D:7      | Reached XP level 10. HP: 28/79 MP: 10/10
  8500 | D:7      | Reached **** piety under Makhleb
  8882 | D:8      | Found a bloodstained altar of Trog.
  8949 | D:8      | Reached skill level 8 in Fighting
  9060 | D:8      | Reached skill level 6 in Armour
  9061 | D:8      | Reached skill level 7 in Shields
 10128 | D:8      | Noticed a cyan ugly thing
 10153 | D:8      | Killed a cyan ugly thing
 10153 | D:8      | Reached skill level 11 in Axes
 10459 | D:9      | Noticed hexophile's ghost (novice HuAs)
 10485 | D:9      | Killed hexophile's ghost
 10485 | D:9      | Reached skill level 9 in Fighting
 10485 | D:9      | Reached skill level 7 in Armour
 10485 | D:9      | Reached XP level 11. HP: 81/89 MP: 11/11
 10489 | D:9      | Found a shadowy altar of Dithmenos.
 10602 | D:9      | Noticed Erica
 10635 | D:9      | Killed Erica
 10635 | D:9      | Reached skill level 8 in Shields
 10751 | D:9      | Noticed a hill giant
 10773 | D:9      | Killed a hill giant
 10888 | D:9      | Reached ***** piety under Makhleb
 11262 | D:10     | Entered Level 10 of the Dungeon
 11747 | D:10     | Noticed a hill giant
 11762 | D:10     | HP: 2/90 [hill giant/giant club (20)]
 11764 | D:10     | Slain by a hill giant

Table legend:
 A = Turns spent in this place as a percentage of turns spent in the entire game.
 B = Non-inter-level travel turns spent in this place as a percentage of non-inter-level travel turns spent in the entire game.
 C = Inter-level travel turns spent in this place as a percentage of turns spent in this place.
 D = Turns resting spent in this place as a percentage of non-inter-level travel turns spent in this place.
 E = Turns spent auto-exploring this place as a percentage of non-inter-level travel turns spent in this place.
 F = Non-inter-level travel turns spent in this place divided by the number of levels of this place that you've seen.
                   A       B       C       D       E      F
               +-------+-------+-------+-------+-------+----------------------
         Total | 100.0 | 100.0 |   0.4 |   2.3 |  10.4 | 344.1
       Dungeon |  92.2 |  92.1 |   0.4 |   1.9 |  10.9 | 380.4
        Temple |   1.3 |   1.3 |   0.0 |   0.0 |   0.0 |  54.0
       Ossuary |   6.5 |   6.6 |   0.0 |   7.7 |   4.8 | 271.0
               +-------+-------+-------+-------+-------+----------------------

Table legend:
 A = Kills in this place as a percentage of kills in entire the game.
 B = Kills by you in this place as a percentage of kills by you in the entire game.
 C = Kills by friends in this place as a percentage of kills by friends in the entire game.
 D = Other kills in this place as a percentage of other kills in the entire game.
 E = Experience gained in this place as a percentage of experience gained in the entire game.
 F = Experience gained in this place divided by the number of levels of this place that you have seen.
                   A       B       C       D       E      F
               +-------+-------+-------+-------+-------+----------------------
         Total | 100.0 | 100.0 |  -nan |  -nan | 100.0 | 932.8
       Dungeon |  90.6 |  90.6 |  -nan |  -nan |  92.3 | 1033.6
       Ossuary |   9.4 |   9.4 |  -nan |  -nan |   7.7 | 858.0
               +-------+-------+-------+-------+-------+----------------------

Vanquished Creatures
  Erica (D:9)
  The ghost of hexophile the Covert, a novice HuAs of Dithmenos (D:9)
  A hill giant (D:9)
  An ugly thing (D:8)
  A troll (D:10)
  A spriggan (D:9)
  Eustachio (D:5)
  6 yaks
  2 hippogriffs
  Edmund (D:5)
  2 sky beasts
  An eye of draining (D:8)
  A black bear (D:10)
  3 ogres
  2 phantoms
  6 centaurs
  4 giant frogs
  5 wights (D:9)
  A wyvern skeleton (D:6)
  9 killer bees (D:8)
  9 scorpions (Ossuary)
  An electric eel (D:10)
  3 centaur zombies
  A giant frog zombie (D:10)
  A centaur skeleton (D:6)
  A wasp zombie (D:9)
  3 orc priests
  A quasit (D:8)
  4 crimson imps
  5 hounds
  A giant frog skeleton (D:9)
  5 worker ants
  8 orc wizards
  3 big kobold zombies (Ossuary)
  A hound skeleton (D:8)
  3 mummies (Ossuary)
  3 gnolls (D:5)
  10 adders
  3 scorpion zombies (Ossuary)
  An ooze (D:2)
  An adder skeleton (D:7)
  5 worms
  11 giant geckos
  25 orcs
  19 bats
  6 giant cockroaches
  4 goblins
  12 hobgoblins
  7 jackals
  10 quokkas
  A ball python (D:2)
  A giant gecko skeleton (D:5)
  5 giant newts
  A goblin zombie (Ossuary)
  3 hobgoblin zombies
  13 kobolds
  A kobold zombie (Ossuary)
  An orc zombie (Ossuary)
  22 rats
265 creatures vanquished.

Vanquished Creatures (others)
  A goblin zombie (Ossuary)
  A hobgoblin zombie (Ossuary)
2 creatures vanquished.

Grand Total: 267 creatures vanquished
